 Dungeon Crawl Stone Soup version 0.28-a0-1227-ga9037bb4c8 (webtiles) character file.

Game seed: 417466487947571827

30 ChaosChampion the Conjurer (level 3, -5/19 HPs)
             Began as a Deep Elf Conjurer on Dec 22, 2021.
             Slain by Grinder (10 damage)
             ... while paralysed by Grinder
             ... on level 3 of the Dungeon.
             The game lasted 00:01:17 (2294 turns).

ChaosChampion the Conjurer (Deep Elf Conjurer)      Turns: 2294, Time: 00:01:18

Health: -5/19      AC:  2    Str:  4    XL:     3   Next: 3%
Magic:  5/10       EV:  2    Int: 24    God:
Gold:   39         SH:  0    Dex: 13    Spells: 7/10 levels left

rFire   . . .      SeeInvis .   (no weapon)
rCold   . . .      Faith    .   (no shield)
rNeg    . . .      Spirit   .   a - +0 robe
rPois   .          Reflect  .   (no helmet)
rElec   .          Harm     .   (no cloak)
rCorr   .          Rampage  .   (no gloves)
Will    .....                   (no boots)
Stlth   ++........              (no amulet)
HPRegen 0.06/turn               (no ring)
MPRegen 0.12/turn               (no ring)

@: paralysed
A: no striking features
a: no special abilities


You were on level 3 of the Dungeon.
You visited 1 branch of the dungeon, and saw 3 of its levels.

You collected 39 gold pieces.

Inventory:

Armour
 a - a +0 robe (worn)
Magical Staves
 j - a staff of poison
Jewellery
 f - an amulet of regeneration
Wands
 i - a wand of flame (23)
Scrolls
 b - a scroll of fear {unknown}
 c - a scroll of vulnerability {unknown}
 d - 2 scrolls of teleportation {unknown}
 e - a scroll of identify {unknown}
 g - 2 scrolls of enchant weapon {unknown}
 h - a scroll of brand weapon {unknown}


   Skills:
 - Level 2.4 Dodging
 - Level 2.4 Stealth
 * Level 4.4 Spellcasting
 + Level 4.7 Conjurations


You had 7 spell levels left.
You knew the following spells:

 Your Spells              Type           Power      Damage    Failure   Level
a - Magic Dart            Conj           100%       1d8       1%          1
b - Searing Ray           Conj           56%        2d6       1%          2

Your spell library contained the following spells:

 Spells                   Type           Power      Damage    Failure   Level
 Dazzling Flash           Conj/Hex       32%        N/A       11%         3
 Ensorcelled Hibernation  Hex/Ice        10%        N/A       14%         2
 Gell's Gravitas          Tloc           5%         N/A       28%         3
 Lesser Beckoning         Tloc           5%         N/A       28%         3
 Spider Form              Tmut/Pois      5%         N/A       28%         3
 Teleport Other           Tloc           5%         N/A       28%         3
 Fulminant Prism          Conj/Hex       8%         3d7       34%         4
 Iskenderun's Mystic Bla  Conj/Tloc      16%        2d5       34%         4


Dungeon Overview and Level Annotations

Branches:
Dungeon (3/15)

Altars:

Annotations:
D:3 Grinder


Message History

Press: ? - help, Shift-Dir - straight line, f/p - Grinder
Aim: Grinder (severely wounded, 100% to hit)
The magic dart hits Grinder.
Grinder is severely wounded.
Grinder says, "You look like you could use a good racking."
Grinder blinks!
You climb upwards.
There is a stone staircase leading down here.
You start resting.
Magic restored.
You start resting.
HP restored.
You start waiting.
Done waiting.
You climb downwards.
Level annotation: Grinder
There is a stone staircase leading up here.
Casting: Magic Dart (safe; 1% risk of failure)
Confirm with . or Enter, or press ? or * to list all spells.
Aiming: Searing Ray (safe; 1% risk of failure)
Press: ? - help, Shift-Dir - straight line, f - Grinder
Aim: Grinder (77% to hit)
The searing ray hits Grinder.
Grinder is lightly wounded. (Press . to maintain the ray.) Grinder blinks!
The searing ray hits Grinder!
Grinder is heavily wounded.
The searing ray hits Grinder.
Grinder is heavily wounded.
Grinder hits you!
You writhe in agony.
* * * LOW HITPOINT WARNING * * *
The searing ray hits Grinder!
Grinder is severely wounded.
You finish channelling your searing ray.
Grinder gestures at you.
You suddenly lose the ability to move!
Grinder hits you!
Ouch! That really hurt!
You die...

#.....### #....###
####.....###
#......#...###
#..####.##..5.#####
. ##.#####.....##
#....# ##.(#..###
##5...# #........
..####@....#
#........
............#
#.######.
....####....####.##
.. #............#
.....########...#
.#### #...# #...#
#...# #...#


You could see Grinder.

Vanquished Creatures
  A dart slug (D:2)
  4 ball pythons
  3 bats
  2 endoplasms (D:2)
  2 goblins (D:1)
  A hobgoblin (D:2)
  3 jackals (D:2)
  3 quokkas (D:2)
  2 frilled lizards
  2 kobolds (D:2)
  3 rats
26 creatures vanquished.

Notes
Turn   | Place    | Note
-------+----------+-------------------------------------------
     0 | D:1      | ChaosChampion the Deep Elf Conjurer began the quest for the
                  | Orb.
     0 | D:1      | Reached XP level 1. HP: 10/10 MP: 6/6
   853 | D:2      | Reached XP level 2. HP: 15/15 MP: 4/8
   856 | D:2      | Learned a level 2 spell: Searing Ray
  1562 | D:2      | Reached XP level 3. HP: 19/19 MP: 7/10
  1764 | D:3      | Noticed Grinder
  2293 | D:3      | Paralysed by Grinder for 4 turns
  2294 | D:3      | Slain by Grinder

Illustrated notes

Levels and vault maps discovered:
D:1:      minmay_arrival_jagged, layout_basic
D:2:      layout_rooms, chequers_hall_statues_corner_a,
          hangedman_abyss_or_decor_lesser_grid, minmay_strange_pillars,
          chequers_serial_rivers_micro_c
D:3:      minmay_skewed_foursquare, layout_rooms, ebering_ecumenical_altar_webs,
          uniq_grinder, uniq_sigmund

Skill      XL: |  1  2 |
---------------+-------+-----
Spellcasting   | 4 |  4.4
Dodging        | |  2.4
Stealth        | |  2.4
Conjurations   | |  4.7

Action                   || total
-------------------------++-------
 Cast: Magic Dart        ||    54
       Searing Ray       ||     4
Armor: Robe              ||     2
Dodge: Dodged            ||     8

Table legend: (Time is in decaauts)
 A = Elapsed time spent in this place.
 B = Non-inter-level travel time spent in this place.
 C = Inter-level travel time spent in this place.
 D = Time resting spent in this place.
 E = Time spent auto-exploring this place.
 F = Levels seen in this place.
 G = Mean time per level.
                   A        B        C        D        E       F      G
               +--------+--------+--------+--------+--------+-----+--------+
         Total |   2295 |   2234 |     61 |    653 |   1407 |   3 |  765.0 |
       Dungeon |   2295 |   2234 |     61 |    653 |   1407 |   3 |  765.0 |
               +--------+--------+--------+--------+--------+-----+--------+

Top non-repeatable levels by time:
     D:2: 1358 daAuts
     D:1: 849 daAuts
     D:3: 87 daAuts
